 Dungeon Crawl Stone Soup version 0.29-a0-330-g52719c12eb (webtiles) character file.

Game seed: 9178568867687054161

12 mopl the Ducker (level 2, -1/29 HPs)
             Began as a Gnoll Monk on Apr 21, 2022.
             Frozen to death by an endoplasm (2 damage)
             ... on level 2 of the Dungeon.
             The game lasted 00:01:06 (574 turns).

mopl the Ducker (Gnoll Monk)                         Turns: 574, Time: 00:01:07

Health: -1/29      AC:  5    Str: 10    XL:     2   Next: 33%
Magic:  2/2        EV: 11    Int:  9    God:
Gold:   52         SH:  0    Dex: 14    Spells: 1/1 levels left

rFire   . . .      SeeInvis .   a - +0 mace
rCold   . . .      Faith    .   (no shield)
rNeg    . . .      Spirit   .   f - +0 ring mail
rPois   .          Reflect  .   (no helmet)
rElec   .          Harm     .   (no cloak)
rCorr   .          Rampage  .   (no gloves)
Will    .....                   (no boots)
Stlth   +.........              (no amulet)
HPRegen 0.09/turn               (no ring)
MPRegen 0.08/turn               (no ring)

@: lethally poisoned (-1 -> -6)
A: fangs 1, strong nose, distributed training
a: no special abilities


You were on level 2 of the Dungeon.
You visited 1 branch of the dungeon, and saw 2 of its levels.

You collected 52 gold pieces.

Inventory:

Hand Weapons
 a - a +0 mace (weapon)
Armour
 b - a +0 robe
 f - a +0 ring mail (worn)
Scrolls
 d - a scroll of immolation {unknown}
 g - a scroll of magic mapping {unknown}
 k - a scroll of summoning {unknown}
Potions
 c - a potion of ambrosia
 e - a potion of curing {unknown}
 h - a potion of haste {unknown}
 i - a potion of resistance {unknown}
 j - a potion of heal wounds {unknown}


   Skills:
 + Level 6.4(3.2) Fighting
 + Level 0.3(0.1) Short Blades
 + Level 0.3(0.1) Long Blades
 + Level 0.3(0.1) Axes
 + Level 6.4(3.2) Maces & Flails
 + Level 0.3(0.1) Polearms
 + Level 0.3(0.1) Staves
 + Level 0.3(0.1) Slings
 + Level 0.3(0.1) Bows
 + Level 0.3(0.1) Crossbows
 + Level 0.3(0.1) Throwing
 + Level 0.3(0.1) Armour
 + Level 6.4(3.2) Dodging
 + Level 4.0(2.0) Stealth
 + Level 0.3(0.1) Shields
 + Level 0.3(0.1) Unarmed Combat
 + Level 0.3(0.1) Spellcasting
 + Level 0.2(0.1) Conjurations
 + Level 0.2(0.1) Hexes
 + Level 0.2(0.1) Summonings
 + Level 0.2(0.1) Necromancy
 + Level 0.2(0.1) Translocations
 + Level 0.2(0.1) Transmutations
 + Level 0.2(0.1) Fire Magic
 + Level 0.2(0.1) Ice Magic
 + Level 0.2(0.1) Air Magic
 + Level 0.2(0.1) Earth Magic
 + Level 0.2(0.1) Poison Magic
 + Level 0.4(0.2) Invocations
 + Level 0.3(0.1) Evocations


You had one spell level left.
You didn't know any spells.
Your spell library contained the following spells:

 Spells                   Type           Power      Damage    Failure   Level
 Gell's Gravitas          Tloc           0%         N/A       97%         3
 Teleport Other           Tloc           0%         N/A       97%         3
 Dispersal                Tloc           0%         N/A       100%        6


Dungeon Overview and Level Annotations

Branches:
Dungeon (2/15)

Altars:
Ashenzari


Innate Abilities, Weirdness & Mutations

You have very sharp teeth.
Your uncanny sense of smell can sniff out nearby items.
Your experience applies equally to all skills.


Message History

The adder is heavily wounded.
The adder closely misses you. The endoplasm freezes you.
You are frozen.
The adder bites you.
You are poisoned.
The adder poisons you! The endoplasm barely misses you.
You barely miss the adder. You bite the adder.
The adder is heavily wounded.
You feel sick. The adder bites you but does no damage.
The endoplasm freezes you.
You are frozen.
You hit the adder.
The adder is almost dead.
You feel sick. The adder bites you. The endoplasm freezes you.
You are frozen.
The adder bites you.
You are more poisoned.
The adder poisons you!
You hit the adder.
The adder is almost dead.
You feel sick. The adder misses you.
The endoplasm hits you but does no damage.
Unknown command.
You barely miss the adder.
The adder is almost dead.
You feel sick. The adder barely misses you. The endoplasm freezes you.
You are frozen.
* * * LOW HITPOINT WARNING * * *
The adder bites you.
* * * LOW HITPOINT WARNING * * *
You are lethally poisoned!
The adder poisons you! The endoplasm closely misses you.
You hit the adder but do no damage.
The adder is almost dead.
* * * LOW HITPOINT WARNING * * *
You feel sick. The adder closely misses you. The endoplasm freezes you.
You are frozen.
You die...

.# .## # ∆ ..
.## #
###.##..! ###.
.....$$#
##...# #......
.....# #SJ.#
#(.#.##@..#
#..##.#...##..
#............#
##..<...####.#
#...#### #
#..## .... ∆
##.$. #... ∆


You could see an adder and an endoplasm.

Vanquished Creatures
  A dart slug (D:1)
  A bat (D:1)
  A hobgoblin (D:1)
  A quokka (D:1)
  4 ball pythons (D:1)
  A frilled lizard (D:1)
  A rat (D:1)
10 creatures vanquished.

Notes
Turn   | Place    | Note
-------+----------+-------------------------------------------
     0 | D:1      | mopl the Gnoll Monk began the quest for the Orb.
     0 | D:1      | Reached XP level 1. HP: 23/23 MP: 1/1
   111 | D:1      | Found a faded altar of an unknown god.
   126 | D:1      | Reached XP level 2. HP: 25/29 MP: 2/2
   127 | D:1      | Prayed at the altar of an unknown god.
   127 | D:1      | Became a worshipper of Ashenzari the Shackled
   142 | D:1      | Fell from the grace of Ashenzari
   574 | D:2      | HP: 1/29 [poisoned by an adder]
   574 | D:2      | Frozen to death by an endoplasm

Illustrated notes

Levels and vault maps discovered:
D:1:      psy_arrival_terrarium, layout_basic, nicolae_ecumenical_snake_handling
D:2:      layout_loops_ring, basic_altar

Action                   || total
-------------------------++-------
Melee: Mace              ||    34
       Bite              ||     3
Invok: Renounce Religion ||     1
 Stab: Sleeping          ||     3
Armor: Robe              ||     5
       Ring mail         ||     7
Dodge: Dodged            ||    27

Table legend: (Time is in decaauts)
 A = Elapsed time spent in this place.
 B = Non-inter-level travel time spent in this place.
 C = Inter-level travel time spent in this place.
 D = Time resting spent in this place.
 E = Time spent auto-exploring this place.
 F = Levels seen in this place.
 G = Mean time per level.
                   A        B        C        D        E       F      G
               +--------+--------+--------+--------+--------+-----+--------+
         Total |    579 |    566 |     13 |      0 |    461 |   2 |  289.5 |
       Dungeon |    579 |    566 |     13 |      0 |    461 |   2 |  289.5 |
               +--------+--------+--------+--------+--------+-----+--------+

Top non-repeatable levels by time:
     D:1: 564 daAuts
     D:2: 14 daAuts
